[Event "Titled Tuesday Blitz March 28 Late 2023"]
[White "Cori T., Deysi"]
[Black "Holt, Conrad"]
[WhiteFideId "3801934"]
[BlackFideId "2034387"]
[WhiteElo "2292"]
[BlackElo "2592"]
[Result "1/2-1/2"]
[Round "06"]
[TimeControl "180+2"]
[Date "2023.03.28"]
[WhiteClock "0:00:04"]
[BlackClock "0:00:02"]

1. Nf3 d5 2. d4 Nf6 3. c4 c6 4. Nc3 dxc4 5. a4 Bf5 6. e3 e6 7. Bxc4 Bb4 8. O-O O-O 9. Qe2 Bg4 10. h3 Bh5 11. Rd1 Qa5 12. e4 Nbd7 13. e5 Nd5 14. Nxd5 exd5 15. Bd3 Bg6 16. Ng5 Rae8 17. Qg4 Re7 18. h4 Bxd3 19. Rxd3 f6 20. Nf3 Qa6 21. Re3 fxe5 22. Nxe5 Nxe5 23. Rxe5 Ref7 24. Be3 Bd6 25. Re6 Bf4 26. h5 Bxe3 27. fxe3 Qb6 28. Qe2 Qc7 29. Re5 h6 30. Qg4 Rf2 31. b3 Qf7 32. Qg3 Kh7 33. Re1 Rb2 34. Kh2 Rxb3 35. Qh4 Qf6 36. Qg4 Rb2 37. e4 dxe4 38. R1xe4 Kh8 39. Re8 Qd6+ 40. Kh3 Rb3+ 41. g3 Qf6 42. Qg6 Qf1+ 43. Kg4 Qf3+ 44. Kh3 Qh1+ 45. Kg4 Qd1+ 46. Kh3 Qh1+ 47. Kg4 Qf3+ 48. Kh3 Qh1+ 1/2-1/2


[Site "https://www.chess.com"]

[Event "Titled Tuesday Blitz March 28 Late 2023"]
[White "Grebeniuk, Semen"]
[Black "Aradhya, Garg"]
[WhiteFideId "14117509"]
[BlackFideId "25006746"]
[WhiteElo "2266"]
[BlackElo "2263"]
[Result "0-1"]
[Round "06"]
[TimeControl "180+2"]
[Date "2023.03.28"]
[WhiteClock "0:00:36"]
[BlackClock "0:02:06"]

1. d4 d5 2. c4 c6 3. cxd5 cxd5 4. Bf4 Nf6 5. e3 Nc6 6. Nc3 Bf5 7. Qb3 Na5 8. Qa4+ Bd7 9. Qc2 e6 10. Nf3 Nc6 11. a3 Be7 12. Bd3 Nh5 13. Bg3 Nxg3 14. hxg3 g6 15. O-O Kf8 16. b4 Rc8 17. Qb3 Kg7 18. Na4 b6 19. Ba6 Rc7 20. Nc3 Nb8 21. Bd3 a6 22. Ne5 Qc8 23. Rfc1 Qb7 24. b5 axb5 25. Nxd7 Nxd7 26. Nxb5 Rxc1+ 27. Rxc1 Rc8 28. Rxc8 Qxc8 29. a4 Qc1+ 30. Kh2 Nf6 31. Be2 Qe1 32. Nc3 Qxf2 33. Qxb6 Qxe3 34. Qb2 Bd6 35. a5 Bxg3+ 0-1


[Site "https://www.chess.com"]

[Event "Titled Tuesday Blitz March 28 Late 2023"]
[White "Adan Bermudez, Sergio"]
[Black "Krallis, Christos"]
[WhiteFideId "2292726"]
[BlackFideId "4298896"]
[WhiteElo "2292"]
[BlackElo "2243"]
[Result "1-0"]
[Round "06"]
[TimeControl "180+2"]
[Date "2023.03.28"]
[WhiteClock "0:02:13"]
[BlackClock "0:00:35"]

1. c4 Nf6 2. Nc3 e5 3. Nf3 Nc6 4. g3 Bb4 5. Bg2 O-O 6. Nd5 Bc5 7. O-O d6 8. d3 Nxd5 9. cxd5 Ne7 10. e4 h6 11. d4 exd4 12. Nxd4 Ng6 13. Be3 Ne5 14. h3 Nc4 15. Bc1 Qf6 16. Nb3 Bb6 17. Qc2 Ne5 18. Kh2 Re8 19. f4 Nd7 20. Bd2 Nc5 21. Bc3 Qe7 22. Nxc5 Bxc5 23. b4 Bb6 24. Qb2 f6 25. Rae1 a5 26. a3 axb4 27. axb4 Bd7 28. e5 fxe5 29. fxe5 dxe5 30. Rxe5 Qd6 31. Rxe8+ Rxe8 32. Bxg7 Re3 33. Rf8+ Kh7 34. Rh8+ Kg6 35. Rxh6+ 1-0


[Site "https://www.chess.com"]

[Event "Titled Tuesday Blitz March 28 Late 2023"]
[White "Adewumi, Tanitoluwa"]
[Black "Janaszak, Dawid"]
[WhiteFideId "30966396"]
[BlackFideId "1119206"]
[WhiteElo "2749"]
[BlackElo "2220"]
[Result "1-0"]
[Round "06"]
[TimeControl "180+2"]
[Date "2023.03.28"]
[WhiteClock "0:00:07"]
[BlackClock "0:00:04"]

1. e4 c5 2. Nf3 Nc6 3. Bb5 g6 4. Bxc6 dxc6 5. d3 Bg7 6. h3 Nf6 7. Nc3 Nd7 8. Be3 e5 9. Qd2 h6 10. O-O Qe7 11. Rae1 Nf8 12. Nh2 Ne6 13. Ne2 g5 14. Ng3 Nf4 15. Nf5 Bxf5 16. exf5 Nd5 17. Ng4 O-O-O 18. Qa5 b6 19. Qa4 Kb7 20. Bd2 f6 21. a3 Qd7 22. Ne3 Nxe3 23. fxe3 Rhe8 24. e4 Qd4+ 25. Qxd4 cxd4 26. h4 c5 27. Kf2 Rc8 28. b3 b5 29. a4 c4 30. axb5 cxb3 31. cxb3 Rc2 32. Ke2 Rec8 33. Rc1 Kb6 34. Rxc2 Rxc2 35. hxg5 hxg5 36. Rc1 Rb2 37. Rc6+ Kxb5 38. Rc7 Bh6 39. Rh7 Bf8 40. Rxa7 g4 41. Kd1 Rb1+ 42. Bc1 Bh6 43. Rc7 Be3 44. Rc4 Rxb3 45. Bxe3 dxe3 46. Ke2 Rb2+ 47. Kxe3 Rxg2 48. Rc8 Rg1 49. Rf8 Re1+ 50. Kd2 Rf1 51. Rxf6 g3 52. Rg6 Rf3 53. Ke2 Rf2+ 54. Ke3 Rf1 55. Rxg3 Kc5 56. Rf3 Re1+ 57. Kd2 Rh1 58. f6 Kd4 59. f7 Rh2+ 60. Kd1 Rh1+ 61. Ke2 Rh2+ 62. Rf2 1-0


[Site "https://www.chess.com"]

[Event "Titled Tuesday Blitz March 28 Late 2023"]
[White "Flores, Diego"]
[Black "MKlose11"]
[WhiteFideId "108049"]
[WhiteElo "2606"]
[BlackElo "2549"]
[Result "1-0"]
[Round "06"]
[TimeControl "180+2"]
[Date "2023.03.28"]
[WhiteClock "0:00:18"]
[BlackClock "0:00:04"]

1. c4 Nf6 2. Nc3 c5 3. g3 Nc6 4. Bg2 d6 5. e3 g6 6. Nge2 Bg7 7. d3 O-O 8. b3 Rb8 9. Bb2 a6 10. Qd2 Bd7 11. Rd1 b5 12. Ba1 Re8 13. h3 Qc8 14. Rc1 bxc4 15. dxc4 a5 16. g4 Nb4 17. a4 Bc6 18. O-O Bxg2 19. Kxg2 Qc6+ 20. f3 Nd7 21. e4 Ne5 22. Nb5 Qb7 23. Rcd1 Rf8 24. Ng3 Rbe8 25. f4 Nec6 26. Bxg7 Kxg7 27. Kh2 f6 28. Rf3 Rd8 29. Qc3 Qb6 30. h4 Rb8 31. g5 Nd4 32. Nxd4 cxd4 33. Rxd4 Na6 34. Rdd3 Nc5 35. Rde3 Qb4 36. Qc1 Qb7 37. Qe1 Qb4 38. Qc1 Qb7 39. h5 Qd7 40. f5 fxg5 41. Re1 g4 42. Rf4 Nd3 43. Qd2 Nxf4 44. Qxf4 e5 45. Qg5 Qd8 46. Qxg4 Qf6 47. hxg6 Kh8 48. Nh5 Qe7 49. g7+ Kg8 50. gxf8=Q+ Kxf8 51. Rg1 Qf7 52. Qg5 Rxb3 53. Qh6+ Ke8 54. Nf6+ Kd8 55. Rg8+ Kc7 56. Rg7 Rb2+ 57. Kh3 Rb3+ 58. Kh4 Kc6 59. Rxf7 1-0


[Site "https://www.chess.com"]

[Event "Titled Tuesday Blitz March 28 Late 2023"]
[White "Risteski, Emil"]
[Black "Oro, Faustino"]
[WhiteFideId "15005267"]
[BlackFideId "20000197"]
[WhiteElo "2251"]
[BlackElo "1984"]
[Result "1-0"]
[Round "06"]
[TimeControl "180+2"]
[Date "2023.03.28"]
[WhiteClock "0:00:09"]
[BlackClock "0:00:04"]

1. f4 d5 2. Nf3 Nf6 3. e3 g6 4. b3 Bg7 5. Bb2 O-O 6. g3 c5 7. Bg2 Nc6 8. O-O Bg4 9. d3 Ne8 10. Bxg7 Nxg7 11. h3 Bxf3 12. Qxf3 e6 13. Nd2 Qa5 14. Qf2 Qc3 15. Nf3 Nf5 16. g4 Nd6 17. Rfe1 Nb4 18. a3 Nc6 19. Rab1 a5 20. e4 dxe4 21. dxe4 Nb5 22. e5 Ncd4 23. Ng5 h6 24. Ne4 Qxc2 25. Qh4 Kg7 26. Rf1 Ne2+ 27. Kh1 Nbd4 28. Rbe1 Qxb3 29. f5 Qe3 30. Qf6+ Kh7 31. fxg6+ fxg6 32. Qe7+ Kg8 33. Nf6+ Rxf6 34. exf6 Ng3+ 35. Kh2 Nxf1+ 36. Rxf1 Qe5+ 37. Kh1 1-0


[Site "https://www.chess.com"]

[Event "Titled Tuesday Blitz March 28 Late 2023"]
[White "Remolar Gallen, Jose"]
[Black "Herrera Reyes, Jose Antonio"]
[WhiteFideId "2215187"]
[BlackFideId "2274914"]
[WhiteElo "2223"]
[BlackElo "2273"]
[Result "0-1"]
[Round "06"]
[TimeControl "180+2"]
[Date "2023.03.28"]
[WhiteClock "0:00:01"]
[BlackClock "0:00:22"]

1. e4 c5 2. Nf3 e6 3. d4 cxd4 4. Nxd4 a6 5. Nc3 Qc7 6. Bd3 b6 7. O-O Bb7 8. Kh1 d6 9. f4 Nd7 10. Be3 h5 11. f5 e5 12. Ne6 fxe6 13. fxe6 Ndf6 14. Nd5 Bxd5 15. exd5 e4 16. Be2 Ne7 17. c4 h4 18. Qa4+ Kd8 19. Rac1 h3 20. b4 hxg2+ 21. Kxg2 Ng6 22. Qd1 Be7 23. Qd4 Rb8 24. Kh1 Ne5 25. Rg1 Nh5 26. Qxe4 Nf6 27. Qd4 Bf8 28. Bf4 Rh4 29. c5 bxc5 30. bxc5 Qa7 31. Qf2 Rh8 32. Bxe5 dxe5 33. Qf5 Bxc5 34. Rgf1 Bd6 35. Qg6 Qe7 0-1


[Site "https://www.chess.com"]

[Event "Titled Tuesday Blitz March 28 Late 2023"]
[White "Veiga, Jose Francisco R P Neves"]
[Black "angelgab3"]
[WhiteFideId "1930087"]
[WhiteElo "2320"]
[BlackElo "2536"]
[Result "0-1"]
[Round "06"]
[TimeControl "180+2"]
[Date "2023.03.28"]
[WhiteClock "0:00:01"]
[BlackClock "0:00:20"]

1. e4 e5 2. Nc3 Bc5 3. Bc4 d6 4. d3 Nf6 5. Na4 a6 6. Nxc5 dxc5 7. Nf3 Qe7 8. O-O Bg4 9. h3 Bd7 10. a4 Nc6 11. a5 h6 12. Bd2 g5 13. Nh2 Rg8 14. c3 h5 15. b4 cxb4 16. cxb4 Nd4 17. Nf3 Nxf3+ 18. Qxf3 g4 19. hxg4 Bxg4 20. Qe3 h4 21. Kh1 Be6 22. Rac1 Ng4 23. Qc5 Qxc5 24. bxc5 Bxc4 25. Rxc4 O-O-O 26. f3 Nf6 27. Bc3 Rxd3 28. c6 bxc6 29. Bxe5 Nd7 30. Bf4 c5 31. Rb1 Ra3 0-1


[Site "https://www.chess.com"]

[Event "Titled Tuesday Blitz March 28 Late 2023"]
[White "Goltsev, Dmitry"]
[Black "Belov, Alexei"]
[WhiteFideId "24176710"]
[BlackFideId "4128206"]
[WhiteElo "2336"]
[BlackElo "2535"]
[Result "1-0"]
[Round "06"]
[TimeControl "180+2"]
[Date "2023.03.28"]
[WhiteClock "0:00:20"]
[BlackClock "0:01:00"]

1. e4 e6 2. d4 d5 3. exd5 exd5 4. Nf3 Nf6 5. c4 Be7 6. Nc3 Nbd7 7. Bd3 dxc4 8. Bxc4 O-O 9. O-O Nb6 10. Bb3 c6 11. Bg5 Nbd5 12. Qd3 Be6 13. Rfe1 Re8 14. Ne5 Qb6 15. Rad1 Rad8 16. Qg3 c5 17. Na4 Qa5 18. Nxc5 Bxc5 19. dxc5 Qxc5 20. Bxd5 Nxd5 21. Bxd8 Rxd8 22. Nd3 Qa5 23. Nf4 Nxf4 24. Rxd8+ Qxd8 25. Qxf4 Bxa2 26. Qd4 Qc8 27. Qxa7 Be6 28. Qd4 h6 29. Rd1 Kh7 30. Qd3+ g6 31. Qc3 Qa8 32. h3 Qb8 33. Qf6 Qh8 34. Qxh8+ Kxh8 35. b4 Kg7 36. Kf1 Kf6 37. Ke2 Ke5 38. Ke3 b5 39. Rd8 h5 40. f4+ Kf5 41. Rb8 Bc4 42. Rb6 h4 43. Rc6 f6 44. Rc5+ Ke6 45. Rxc4 bxc4 46. Kd4 Kf5 47. b5 Kxf4 48. b6 Kg3 49. b7 Kxg2 50. b8=Q Kxh3 51. Qf4 g5 52. Qxf6 g4 53. Ke3 g3 54. Kf3 c3 55. Qd4 c2 56. Qg1 c1=Q 57. Qg2# 1-0


[Site "https://www.chess.com"]

[Event "Titled Tuesday Blitz March 28 Late 2023"]
[White "Ibadov, Dashgyn"]
[Black "Levine, Joseph"]
[WhiteFideId "24107514"]
[BlackFideId "30940346"]
[WhiteElo "2208"]
[BlackElo "2351"]
[Result "1-0"]
[Round "06"]
[TimeControl "180+2"]
[Date "2023.03.28"]
[WhiteClock "0:00:04"]
[BlackClock "0:00:02"]

1. e4 e6 2. d4 d5 3. Nc3 Nf6 4. e5 Nfd7 5. Nce2 c5 6. c3 Nc6 7. Nf3 b5 8. Nf4 b4 9. c4 dxc4 10. d5 Ncxe5 11. dxe6 fxe6 12. Nxe5 Nxe5 13. Qh5+ Nf7 14. Bxc4 Bd6 15. O-O Bxf4 16. Bxf4 O-O 17. Rad1 Qf6 18. Be3 Ne5 19. Be2 g6 20. Qh3 Bb7 21. Bxc5 Rf7 22. Bd4 Qf5 23. Qxf5 Rxf5 24. Rfe1 Rd8 25. Be3 Rxd1 26. Rxd1 Bd5 27. Bxa7 Nc6 28. Be3 Bxa2 29. Rd7 Rd5 30. Rc7 Ne5 31. h3 Bb1 32. Bh6 Rd8 33. Rg7+ Kh8 34. Rb7 Kg8 35. Rxb4 Bd3 36. Bxd3 Nxd3 37. Rb7 e5 38. b4 e4 39. b5 Kh8 40. b6 Rc8 41. Rc7 Rd8 42. b7 Ne5 43. Rc8 1-0


[Site "https://www.chess.com"]

[Event "Titled Tuesday Blitz March 28 Late 2023"]
[White "Chylewski, Patryk"]
[Black "Schmakel, Sam"]
[WhiteFideId "1186191"]
[BlackFideId "2039311"]
[WhiteElo "2163"]
[BlackElo "2356"]
[Result "0-1"]
[Round "06"]
[TimeControl "180+2"]
[Date "2023.03.28"]
[WhiteClock "0:00:01"]
[BlackClock "0:00:03"]

1. e4 c5 2. Nf3 e6 3. g3 Nc6 4. Bg2 Qc7 5. O-O Nf6 6. Re1 Be7 7. c3 e5 8. d4 d6 9. Na3 cxd4 10. cxd4 Bg4 11. dxe5 dxe5 12. Qa4 O-O 13. Nb5 Qc8 14. Be3 a6 15. Nc3 b5 16. Qd1 Rd8 17. Nd5 Nxd5 18. exd5 Nb4 19. h3 Bxh3 20. Bh1 Nxd5 21. Qe2 Bg4 22. Qf1 Nxe3 23. Rxe3 f6 24. Nh2 Bh3 25. Qe2 Be6 26. Bxa8 Qxa8 27. Rd1 Rc8 28. Rc3 Rxc3 29. bxc3 Qc6 30. Qd2 h6 31. Nf1 Bc5 32. Ne3 Qe4 33. Qd3 Qf3 34. Qd2 Kh7 35. Qd3+ e4 36. Qd2 Bh3 37. Nf1 Qg2# 0-1


[Site "https://www.chess.com"]

[Event "Titled Tuesday Blitz March 28 Late 2023"]
[White "Karthik Rajaa"]
[Black "Karas, Marek"]
[WhiteFideId "25035215"]
[BlackFideId "14928558"]
[WhiteElo "2215"]
[BlackElo "2233"]
[Result "0-1"]
[Round "06"]
[TimeControl "180+2"]
[Date "2023.03.28"]
[WhiteClock "0:00:27"]
[BlackClock "0:01:09"]

1. e4 c6 2. Nf3 d5 3. exd5 cxd5 4. Ne5 Nc6 5. Bb5 Bd7 6. Nxd7 Qxd7 7. d4 Nf6 8. c3 e6 9. O-O a6 10. Bd3 Be7 11. Re1 O-O 12. Nd2 b5 13. b4 a5 14. Bxb5 axb4 15. cxb4 Bxb4 16. Bb2 Rfc8 17. a4 Qd6 18. Re3 Bxd2 19. Qxd2 Na5 20. Ba3 Qf4 21. g3 Qh6 22. Rd3 Qxd2 23. Rxd2 Nb3 24. Rdd1 Nxa1 25. Rxa1 Ne4 26. Rb1 Nc3 27. Rb3 Nxa4 28. Bd7 Rc3 0-1


[Site "https://www.chess.com"]

[Event "Titled Tuesday Blitz March 28 Late 2023"]
[White "Javakhadze, Zurab"]
[Black "Ronka, Erik"]
[WhiteFideId "13603647"]
[BlackFideId "505080"]
[WhiteElo "2381"]
[BlackElo "2264"]
[Result "1-0"]
[Round "06"]
[TimeControl "180+2"]
[Date "2023.03.28"]
[WhiteClock "0:01:27"]
[BlackClock "0:00:16"]

1. Nf3 d5 2. g3 Nf6 3. Bg2 e6 4. O-O c5 5. c4 dxc4 6. Na3 Nc6 7. Nxc4 Be7 8. b3 O-O 9. Bb2 Bd7 10. Rc1 Rc8 11. Nfe5 b6 12. Nxd7 Qxd7 13. Ne5 Nxe5 14. Bxe5 Rfd8 15. d3 Nd5 16. Qd2 Bf6 17. Bxf6 Nxf6 18. Qb2 h6 19. Rc4 Nd5 20. Rfc1 Ne7 21. h4 Nf5 22. b4 Nd6 23. R4c2 cxb4 24. Qxb4 Rxc2 25. Rxc2 Rc8 26. Rxc8+ Nxc8 27. d4 Ne7 28. e3 Nd5 29. Qc4 Kf8 30. e4 Ne7 31. d5 exd5 32. exd5 Nc8 33. Qd3 g6 34. h5 Kg7 35. hxg6 fxg6 36. Qc3+ Kh7 37. Qf6 Nd6 38. Bh3 Qc7 39. Be6 b5 40. Qf8 h5 41. Bg8+ Kh8 42. Bf7+ Kh7 43. Qg8+ Kh6 44. Qxg6# 1-0


[Site "https://www.chess.com"]

[Event "Titled Tuesday Blitz March 28 Late 2023"]
[White "Sreyas Payyappat"]
[Black "Florescu, Codrut-Constantin"]
[WhiteFideId "46674969"]
[BlackFideId "1202200"]
[WhiteElo "2083"]
[BlackElo "2191"]
[Result "1-0"]
[Round "06"]
[TimeControl "180+2"]
[Date "2023.03.28"]
[WhiteClock "0:00:10"]
[BlackClock "0:00:11"]

1. e3 c5 2. d4 d5 3. c4 e6 4. Nc3 Nf6 5. Nf3 a6 6. b3 Nc6 7. Bb2 cxd4 8. exd4 Ne4 9. Nxe4 dxe4 10. Nd2 Nxd4 11. Nxe4 Bb4+ 12. Nc3 O-O 13. Bd3 e5 14. O-O f5 15. Nd5 Bc5 16. Re1 Qd6 17. b4 Bxb4 18. Nxb4 Qxb4 19. Rb1 Qc5 20. Qd2 Bd7 21. Bc3 a5 22. Qe3 Rae8 23. Rxb7 Bc6 24. Rbb1 f4 25. Qd2 Rd8 26. Bxa5 Bxg2 27. Kxg2 Qc6+ 28. Be4 Qf6 29. Bxd8 Rxd8 30. Qc3 Qg5+ 31. Kh1 f3 32. Bxf3 Qf4 33. Be4 Qxf2 34. Qg3 Qf6 35. Rf1 Qd6 36. Bd5+ Kh8 37. Rg1 Qh6 38. Rbf1 Ne2 39. Qg5 Re8 40. Qxh6 gxh6 41. Rg4 Nf4 42. Rfg1 Ng6 43. Re4 Re7 44. Rge1 Kg7 45. a4 Kf6 46. a5 Nf4 47. a6 Ra7 48. Bb7 Kf5 49. Rxe5+ Kg4 50. Re7 Nh3 51. Rg7+ Kf4 52. Rf1+ Nf2+ 53. Rxf2+ 1-0


[Site "https://www.chess.com"]

[Event "Titled Tuesday Blitz March 28 Late 2023"]
[White "Vovk, Orest"]
[Black "Vlassov, Nikolai"]
[WhiteFideId "14113490"]
[BlackFideId "4103360"]
[WhiteElo "2215"]
[BlackElo "2324"]
[Result "0-1"]
[Round "06"]
[TimeControl "180+2"]
[Date "2023.03.28"]
[WhiteClock "0:00:07"]
[BlackClock "0:01:11"]

1. h4 e5 2. h5 h6 3. d4 exd4 4. Qxd4 Nc6 5. Qa4 Nf6 6. g4 d5 7. g5 Ne4 8. gxh6 Qf6 9. Nf3 Bc5 10. hxg7 Bxf2+ 11. Kd1 Qxg7 12. Nc3 Qxc3 13. bxc3 Nxc3+ 14. Kd2 Nxa4 15. Rh2 Bb6 16. Rh4 Ba5+ 17. Ke3 Bc3 18. Rb1 d4+ 19. Kf2 Bf5 20. Rxb7 O-O-O 21. Rb5 Bxc2 22. Bh3+ f5 23. Bxf5+ Bxf5 24. Rxf5 Nb6 25. h6 d3 26. exd3 Rxd3 27. h7 Kb7 28. Bg5 Rd7 29. Bf6 Bxf6 30. Rxf6 Rhxh7 31. Rxh7 Rxh7 32. Rf4 Nd5 0-1


[Site "https://www.chess.com"]

[Event "Titled Tuesday Blitz March 28 Late 2023"]
[White "Sieciechowicz, Marcin"]
[Black "Hirneise, Jens"]
[WhiteFideId "1130170"]
[BlackFideId "24614734"]
[WhiteElo "2302"]
[BlackElo "2345"]
[Result "1/2-1/2"]
[Round "06"]
[TimeControl "180+2"]
[Date "2023.03.28"]
[WhiteClock "0:01:04"]
[BlackClock "0:01:50"]

1. d4 Nf6 2. c4 e6 3. Nc3 d5 4. cxd5 Nxd5 5. e4 Nxc3 6. bxc3 c5 7. Nf3 cxd4 8. cxd4 Bb4+ 9. Bd2 Bxd2+ 10. Qxd2 O-O 11. Bc4 b6 12. d5 Ba6 13. Bb3 exd5 14. Bxd5 Nd7 15. Bxa8 Qxa8 16. Qxd7 Qxe4+ 17. Kd2 Qe2+ 18. Kc3 Qc4+ 19. Kd2 Qe2+ 20. Kc3 Qc4+ 21. Kd2 Qe2+ 1/2-1/2


[Site "https://www.chess.com"]

[Event "Titled Tuesday Blitz March 28 Late 2023"]
[White "Karamsetty, Jeevan"]
[Black "Thomforde-Toates, Noah"]
[WhiteFideId "2025337"]
[BlackFideId "30951992"]
[WhiteElo "2111"]
[BlackElo "2657"]
[Result "0-1"]
[Round "06"]
[TimeControl "180+2"]
[Date "2023.03.28"]
[WhiteClock "0:00:12"]
[BlackClock "0:01:25"]

1. e4 c5 2. Nc3 Nc6 3. g3 g6 4. Bg2 Bg7 5. d3 d6 6. Be3 Nf6 7. h3 Bd7 8. f4 Rb8 9. Nf3 b5 10. O-O Qc8 11. Kh2 Bg4 12. Qe1 Bxf3 13. Bxf3 Nd7 14. Qf2 Bd4 15. Rae1 Bxe3 16. Rxe3 Nd4 17. f5 Ne5 18. Bd1 f6 19. Nd5 Ndc6 20. c3 Qd7 21. g4 g5 22. Qd2 Kf8 23. b3 b4 24. cxb4 Nxb4 25. d4 Nxd5 26. exd5 cxd4 27. Qxd4 Kg7 28. Be2 Rhc8 29. Rc3 Rxc3 30. Qxc3 Rc8 31. Qd2 Qc7 32. Rd1 Qc2 33. Ba6 Nf3+ 0-1


[Site "https://www.chess.com"]

[Event "Titled Tuesday Blitz March 28 Late 2023"]
[White "Petukhov, Dmitry"]
[Black "Domingo Nunez, Alejandro"]
[WhiteFideId "4142748"]
[BlackFideId "22245561"]
[WhiteElo "2311"]
[BlackElo "2230"]
[Result "0-1"]
[Round "06"]
[TimeControl "180+2"]
[Date "2023.03.28"]
[WhiteClock "0:00:12"]
[BlackClock "0:00:11"]

1. e4 g6 2. h4 Bg7 3. h5 c5 4. d3 Nc6 5. h6 Bf6 6. Nc3 e6 7. f4 Bh4+ 8. Kd2 Nd4 9. Nf3 Bf6 10. e5 Nxf3+ 11. Qxf3 Be7 12. Ne4 f5 13. Nd6+ Bxd6 14. exd6 Nf6 15. b3 Qa5+ 16. Kd1 O-O 17. Bb2 Ne8 18. Qe3 Qb6 19. Qe5 Kf7 20. Ba3 Qxd6 21. Qxd6 Nxd6 22. Bxc5 Ke7 23. Be2 b6 24. Bf3 Rb8 25. Ba3 Bb7 26. Bxb7 Rxb7 27. d4 Rc8 28. d5 b5 29. Bxd6+ Kxd6 30. dxe6 dxe6 31. Kd2 e5 32. fxe5+ Kxe5 33. Rhe1+ Kf6 34. Rad1 Rbc7 35. Rc1 Kg5 36. c3 Kxh6 37. Re5 Rd7+ 38. Kc2 b4 39. c4 Rcd8 40. Re2 Kg5 41. Rf1 h5 42. Rff2 h4 43. Re6 Rd1 44. Ra6 R8d7 45. a3 Ra1 46. Kb2 Rdd1 47. a4 Rdb1+ 48. Kc2 Ra2+ 49. Kxb1 Rxf2 50. c5 Rxg2 51. c6 h3 52. c7 h2 53. c8=Q h1=Q+ 54. Qc1+ Qxc1+ 55. Kxc1 f4 56. Rxa7 f3 57. Rf7 Kg4 58. a5 Kg3 59. Kb1 f2 60. a6 Rg1+ 61. Kb2 f1=Q 62. Rxf1 Rxf1 63. Kc2 Rf8 64. Kd3 Ra8 65. Kc4 Rxa6 66. Kxb4 Ra1 67. Kc4 g5 68. b4 g4 69. Kd3 Rb1 70. Kc2 Rxb4 71. Kc3 Rf4 72. Kd3 Rf3+ 0-1


[Site "https://www.chess.com"]

[Event "Titled Tuesday Blitz March 28 Late 2023"]
[White "Domingo Nunez, Ruben"]
[Black "Mortazavi, Ali"]
[WhiteFideId "22245570"]
[BlackFideId "401323"]
[WhiteElo "2404"]
[BlackElo "2339"]
[Result "0-1"]
[Round "06"]
[TimeControl "180+2"]
[Date "2023.03.28"]
[WhiteClock "0:00:02"]
[BlackClock "0:00:10"]

1. e4 c6 2. Qf3 d5 3. exd5 cxd5 4. Bb5+ Nc6 5. Ne2 Nf6 6. O-O Bd7 7. Nbc3 e6 8. d3 Be7 9. Bf4 O-O 10. h3 a6 11. Ba4 b5 12. Bb3 Rc8 13. Rfe1 h6 14. Be3 Ne5 15. Qg3 Ng6 16. Nf4 Bd6 17. Qf3 Nh4 18. Qe2 d4 19. Bxd4 Bxf4 20. g3 e5 21. Ba7 Qc7 22. gxf4 Qxa7 23. fxe5 Nh7 24. Ne4 Be6 25. Kh2 Qd4 26. f4 Bxb3 27. cxb3 Ng6 28. Rf1 Nxf4 29. Rxf4 Qxe5 30. Rf1 Rce8 31. Qg2 f5 32. Ng3 g6 33. Qc6 Re6 34. Qc2 h5 35. d4 Qd6 36. Qg2 Kh8 37. d5 Re3 38. Kh1 Rfe8 39. R4f2 Rxg3 40. Qh2 Ng5 41. h4 Rh3 42. Qxh3 Nxh3 0-1


[Site "https://www.chess.com"]

[Event "Titled Tuesday Blitz March 28 Late 2023"]
[White "Papayan, Oleg"]
[Black "Cuenca Jimenez, Jose Fernando"]
[WhiteFideId "4193911"]
[BlackFideId "2255570"]
[WhiteElo "2153"]
[BlackElo "2429"]
[Result "0-1"]
[Round "06"]
[TimeControl "180+2"]
[Date "2023.03.28"]
[WhiteClock "0:00:07"]
[BlackClock "0:00:10"]

1. e4 d6 2. d4 Nf6 3. Nc3 e5 4. Nf3 Nbd7 5. Bc4 Be7 6. O-O O-O 7. a4 c6 8. h3 b6 9. Re1 a6 10. Ba2 Rb8 11. Be3 b5 12. axb5 axb5 13. dxe5 dxe5 14. Nd2 Bc5 15. Qf3 Qe7 16. Rad1 Ra8 17. Bb3 Bd4 18. Nf1 Bxe3 19. Nxe3 g6 20. Ra1 Rxa1 21. Rxa1 Nc5 22. Rd1 b4 23. Na4 Ncxe4 24. Nc4 c5 25. c3 Bb7 26. Qe3 bxc3 27. bxc3 Bc6 28. f3 Bxa4 29. Bxa4 Ng3 30. Qxe5 Qxe5 31. Nxe5 Ne2+ 32. Kf2 Nxc3 33. Rd6 Nfe4+ 34. fxe4 Nxe4+ 35. Ke3 Nxd6 36. Nd7 Rc8 37. Nb6 Rb8 38. Nd5 Kg7 39. Bc6 Rb2 40. g4 Rb3+ 41. Kf4 Rxh3 42. Ne7 Rh2 43. g5 Nf5 44. Nxf5+ gxf5 45. Kxf5 c4 46. Ke5 c3 47. Kd4 c2 48. Be4 c1=Q 49. Ke5 Qxg5+ 50. Bf5 Re2+ 51. Kd6 Qxf5 52. Kc7 Qd3 53. Kb8 Rc2 54. Ka8 Qb3 55. Ka7 Ra2# 0-1


[Site "https://www.chess.com"]

[Event "Titled Tuesday Blitz March 28 Late 2023"]
[White "Godzwon, Iwo"]
[Black "Olsson, William"]
[WhiteFideId "21802483"]
[BlackFideId "1741721"]
[WhiteElo "2284"]
[BlackElo "2197"]
[Result "1-0"]
[Round "06"]
[TimeControl "180+2"]
[Date "2023.03.28"]
[WhiteClock "0:01:14"]
[BlackClock "0:00:10"]

1. e4 c5 2. Nf3 d6 3. Bb5+ Nd7 4. c3 a6 5. Ba4 b5 6. Bc2 Bb7 7. O-O Ngf6 8. Re1 e6 9. d4 Be7 10. Nbd2 O-O 11. Nf1 Rc8 12. e5 dxe5 13. dxe5 Nd5 14. Qd3 g6 15. Bh6 Re8 16. Ng3 c4 17. Qd2 Nc5 18. Rad1 Qc7 19. Bg5 Rcd8 20. Qc1 Nb6 21. Nd4 Nd5 22. h4 Rd7 23. h5 Bf8 24. Bh6 Be7 25. Ne4 Nxe4 26. Bxe4 Bc5 27. Qg5 Be7 28. Qg3 Kh8 29. hxg6 hxg6 30. Qh3 Bc5 31. Bg5+ Kg8 32. Bxd5 Rxd5 33. Bf6 1-0


[Site "https://www.chess.com"]

[Event "Titled Tuesday Blitz March 28 Late 2023"]
[White "Kokoszczynski, Jan"]
[Black "Djokic, Mihailo"]
[WhiteFideId "1174460"]
[BlackFideId "976440"]
[WhiteElo "2139"]
[BlackElo "2294"]
[Result "0-1"]
[Round "06"]
[TimeControl "180+2"]
[Date "2023.03.28"]
[WhiteClock "0:00:08"]
[BlackClock "0:00:15"]

1. c4 e5 2. Nc3 Nc6 3. Nf3 Nf6 4. e4 Bb4 5. d3 d6 6. a3 Bc5 7. b4 Bd4 8. Nxd4 Nxd4 9. Be3 a5 10. Bxd4 exd4 11. Ne2 c5 12. b5 a4 13. Ng3 h5 14. h4 Ng4 15. Be2 Qf6 16. Bxg4 hxg4 17. h5 Be6 18. Qd2 b6 19. O-O-O Kd7 20. Rdf1 Qh6 21. Rh4 Qxd2+ 22. Kxd2 g6 23. Rfh1 Rh6 24. hxg6 Rxg6 25. Rh8 Rgg8 26. Rxg8 Rxg8 27. Ne2 Ke7 28. Rh5 Kf6 29. Nf4 Rg7 30. Rh6+ Ke7 31. Rh8 g3 32. f3 Rg5 33. Rh4 Kd7 34. Ne2 Rg8 35. f4 f5 36. Rh7+ Ke8 37. e5 dxe5 38. fxe5 Rg4 39. Rb7 f4 40. Ng1 Rh4 41. Ke2 Bg4+ 42. Kf1 Rh1 43. Rxb6 f3 44. gxf3 Bh3+ 45. Ke2 Rxg1 46. f4 Rg2+ 47. Kf3 Rg1 48. Ra6 g2 49. b6 Rf1+ 50. Ke4 g1=Q 51. Kd5 Bg2+ 52. Kd6 Bb7 53. Ra7 Qg6+ 54. e6 Re1 55. Rxb7 Qxe6+ 56. Kc7 Qe7+ 57. Kb8 Qd8+ 58. Ka7 Re7 59. Rxe7+ Kxe7 60. b7 Qa5+ 61. Kb8 Kd7 62. f5 Qc7+ 63. Ka8 Qa5+ 64. Kb8 Kc6 65. f6 Qc7+ 66. Ka8 Qxb7# 0-1


[Site "https://www.chess.com"]